 Dungeon Crawl Stone Soup version 0.27-a0-538-g15ff5c5295 (webtiles) character file.

Game seed: 13483854178017673022

1662 jasper the Tainter (level 8, 0/37 HPs)
             Began as a Spriggan Venom Mage on Mar 6, 2021.
             Was a Believer of Ashenzari.
             Killed from afar by Erica (19 damage)
             ... with a bolt of poison
             ... on level 8 of the Dungeon.
             The game lasted 00:12:20 (8005 turns).

jasper the Tainter (Spriggan Venom Mage)            Turns: 8005, Time: 00:12:20

Health: 0/37       AC:  3    Str:  4    XL:     8   Next: 69%
Magic:  0/14       EV: 19    Int: 25    God:    Ashenzari [**....]
Gold:   256        SH:  0    Dex: 15    Spells: 2/13 levels left

rFire    . . .     SeeInvis +   f - +2 whip (elec)
rCold    . . .     Faith    .   (shield restricted)
rNeg     . . .     Spirit   .   a - +0 robe
rPois    .         Reflect  .   (helmet restricted)
rElec    .         Harm     .   g - +0 cloak of Ashenzari's Gloom {Comp, Cun} (curse)
rCorr    .         Rampage  .   (gloves unavailable)
Will     +....                  (boots unavailable)
Stlth    +++.......             h - amulet of the Manifest Anxiety {RegenMP, Comp, Evo} (curse)
HPRegen  0.12/turn              x - ring "Gnosis of Ashenzari" {Int+6, Elem, Comp} (curse)
MPRegen  0.39/turn              (no ring)

@: lethally poisoned (0 -> -20), very quick
A: very small, unfitting armour, see invisible, speed 3
a: Renounce Religion, Shatter the Chains


You were on level 8 of the Dungeon.
You worshipped Ashenzari.
Ashenzari was pleased with you.
You visited 2 branches of the dungeon, and saw 9 of its levels.
You also visited: Sewer.

You collected 256 gold pieces.

Inventory:

Hand Weapons
 f - a +2 whip of electrocution (weapon)
 m - a +4 dagger of speed
Missiles
 o - 11 boomerangs
Armour
 a - a +0 robe (worn)
 g - the cursed +0 cloak of Ashenzari's Gloom (worn) {Comp, Cun}
   (You found it on level 1 of the Dungeon)

   It has a curse placed upon it.
 r - a +0 buckler
Jewellery
 h - the cursed amulet of the Manifest Anxiety (around neck) {RegenMP, Comp, Evo}
   (You found it on level 1 of the Dungeon)

   [amulet of magic regeneration]

   It increases your magic regeneration.
   It has a curse placed upon it.
 x - the cursed ring "Gnosis of Ashenzari" (left hand) {Int+6, Elem, Comp}
   (You found it on level 6 of the Dungeon)

   [ring of intelligence]

   It affects your intelligence (+6).
   It has a curse placed upon it.
 y - a ring of fire
 A - the amulet of Finality {Faith *Slow +Blink rC+ Dex+2}
   (You found it on level 8 of the Dungeon)

   [amulet of faith]

   It allows you to gain divine favour quickly.
   It affects your dexterity (+2).
   It protects you from cold.
   It lets you blink.
   It may slow you when you take damage.
Wands
 q - a wand of digging (3)
 v - a wand of flame (17)
Scrolls
 b - 6 scrolls of identify
 c - a scroll of silence
 d - a scroll of fear
 e - 3 scrolls of immolation
 n - 4 scrolls of enchant armour
 p - 2 scrolls of teleportation
 z - 3 scrolls of enchant weapon
Potions
 i - a potion of might
 j - 2 potions of haste
 k - 3 potions of flight
 l - 2 potions of mutation
 t - a potion of berserk rage
 u - a potion of magic
 w - a potion of ambrosia


   Skills:
 + Level 1.1 Fighting
 + Level 3.5(5.2) Dodging
 + Level 4.1(5.9) Stealth
 + Level 1.0 Shields
 + Level 3.4 Spellcasting
 - Level 6.0 Transmutations
 - Level 3.0(4.6) Fire Magic
 - Level 3.3(5.0) Air Magic
 - Level 8.0 Poison Magic


You had 2 spell levels left.
You knew the following spells:

 Your Spells              Type           Power      Damage    Failure   Level
a - Sting                 Tmut/Pois      100%       1d8       1%          1
b - Ignite Poison         Fire/Tmut/Pois 35%        N/A       2%          3
c - Mephitic Cloud        Conj/Pois/Air  26%        N/A       4%          3
d - Olgreb's Toxic Radia  Pois           44%        N/A       3%          4

Your spell library contained the following spells:

 Spells                   Type           Power      Damage    Failure   Level
 Poisonous Vapours        Pois/Air       72%        N/A       1%          2


Dungeon Overview and Level Annotations

Branches:
Dungeon (8/15)             Temple (1/1) D:4           Sewer (visited)
   Lair: D:8-11

Altars:
Ashenzari
Cheibriados
Elyvilon
Fedhas
Gozag
Hepliaklqana
Kikubaaqudgha
Okawaru
Ru
Wu Jian
Xom
Yredelemnul
Zin
The Shining One

Annotations:
D:8 Erica


Innate Abilities, Weirdness & Mutations

You are very small and have problems with some larger weapons.
You are too small for most types of armour.
You have supernaturally acute eyesight. (SInv)
You cover ground extremely quickly. (Speed+++)


Message History

That beam is likely to hit you.
Continue anyway?
Okay, then.
Casting: Sting (safe; 1% risk of failure)
Confirm with . or Enter, or press ? or * to list all spells.
Okay, then.
Aiming: Sting (safe; 1% risk of failure)
Press: ? - help, Q - select action, (/) - cycle Shift-Dir - straight line, f - Erica
Aim: Erica, wielding a +2 scimitar of flaming and wearing a +1 robe of willpower (almost dead, slightly transparent, poisoned, 25% to evade)
The sting hits Erica.
Erica looks even sicker.
Erica is almost dead.
The killer bee buzzes angrily.
You now have 2/14 mp.
Aiming: Sting (safe; 1% risk of failure)
Press: ? - help, Q - select action, (/) - cycle Shift-Dir - straight line, f/p - Erica
Aim: Erica, wielding a +2 scimitar of flaming and wearing a +1 robe of willpower (almost dead, slightly transparent, very poisoned, 25% to evade)
The sting misses Erica.
You now have 1/14 mp.
Aiming: Sting (safe; 1% risk of failure)
Press: ? - help, Q - select action, (/) - cycle Shift-Dir - straight line, f/p - Erica
Aim: Erica, wielding a +2 scimitar of flaming and wearing a +1 robe of willpower (almost dead, slightly transparent, very poisoned, 25% to evade)
The sting hits Erica but does no damage.
Erica looks even sicker.
Erica is almost dead.
Erica points at you and mumbles some strange words.
You easily resist.
Aiming: Sting (safe; 1% risk of failure)
Press: ? - help, Q - select action, (/) - cycle Shift-Dir - straight line, f/p - Erica
Aim: Erica, wielding a +2 scimitar of flaming and wearing a +1 robe of willpower (almost dead, slightly transparent, very poisoned, 25% to evade)
The sting misses Erica.
The killer bee stings you.
You are poisoned.
The killer bee poisons you!
Erica hits you with a +2 scimitar of flaming!
Erica burns you. The killer bee closely misses you.
You take 17 damage, and have 20/37 hp.
MASSIVE DAMAGE!!
You now have 0/14 mp.
You feel sick. The killer bee barely misses you.
Erica gestures at you while chanting. The bolt of poison hits you!!
You are lethally poisoned!
Ouch! That really hurt!
You die...

, , ,, , * , , ,, , , , , , *
**# * , , ,,* .. , , .., ** #
... , , , .... #####*.#.... **
,,....###...##!..... *
,.........$.......*
,.........@#* ,, ,, ###
#.....y.# , ..... ,
#...###.....@.###,,##.... + *
#...#...........# .##...####,
*
#...............##.##......##
#..................##.......##
#...................#........#
*####...#...........#....#....
* #...#................#....


You could see Erica (invisible, very poisoned) and a killer bee.

Vanquished Creatures
  A wyvern (D:8)
  A water moccasin (Sewer)
  An orc warrior (D:8)
  An ice beast (D:8)
  2 ogres
  3 bullfrogs
  2 killer bees (D:8)
  2 howler monkeys
  2 jellies (D:6)
  A centaur skeleton (D:7)
  An orc priest (D:5)
  4 hounds
  2 iguanas
  An orc wizard (D:7)
  6 worker ants
  A killer bee zombie (D:7)
  A worker ant zombie (D:6)
  3 gnolls (D:3)
  5 adders
  A shadow imp (D:8)
  2 white imps
  An adder skeleton (D:5)
  2 worms (D:2)
  7 leopard geckos
  21 orcs
  8 bats
  A giant cockroach (D:1)
  5 goblins
  3 hobgoblins
  11 jackals
  12 kobolds
  2 quokkas
  A ball python (D:5)
  4 frilled lizards
  2 leopard gecko skeletons
  A leopard gecko zombie (D:5)
  A quokka skeleton (D:7)
  6 rats
131 creatures vanquished.

Notes
Turn   | Place    | Note
-------+----------+-------------------------------------------
     0 | D:1      | jasper the Spriggan Venom Mage began the quest for the Orb.
     0 | D:1      | Reached XP level 1. HP: 9/9 MP: 5/5
   347 | D:1      | Reached XP level 2. HP: 13/13 MP: 3/6
   625 | D:1      | Reached skill level 4 in Poison Magic
  1209 | D:2      | Reached XP level 3. HP: 16/16 MP: 6/8
  1506 | D:2      | Found a snail-covered altar of Cheibriados.
  1509 | D:2      | Found a white marble altar of Elyvilon.
  1581 | D:2      | Learned a level 3 spell: Ignite Poison
  1585 | D:2      | Learned a level 3 spell: Mephitic Cloud
  2269 | D:3      | Reached skill level 5 in Poison Magic
  2269 | D:3      | Reached XP level 4. HP: 21/21 MP: 7/9
  2290 | D:3      | Found a shimmering altar of Xom.
  2460 | D:3      | Reached XP level 5. HP: 24/24 MP: 10/10
  2668 | D:3      | Found an opulent altar of Gozag.
  2740 | D:3      | Found a sacrificial altar of Ru.
  2742 | D:3      | Found a basalt altar of Yredelemnul.
  2771 | D:3      | Found an iron altar of Okawaru.
  2913 | D:3      | Reached skill level 6 in Poison Magic
  2983 | D:3      | Found an ancient bone altar of Kikubaaqudgha.
  3457 | D:4      | Found a staircase to the Ecumenical Temple.
  3466 | Temple   | Entered the Ecumenical Temple
  3587 | Temple   | Became a worshipper of Ashenzari the Shackled
  4017 | D:5      | Entered Level 5 of the Dungeon
  4201 | D:5      | Found a hide-covered altar of Uskayaw.
  4203 | D:5      | Found a basalt altar of Yredelemnul.
  4203 | D:5      | Found a hazy altar of Hepliaklqana.
  4205 | D:5      | Found a shimmering altar of Xom.
  4205 | D:5      | Found a glowing silver altar of Zin.
  4205 | D:5      | Found a shimmering altar of Xom.
  4236 | D:5      | Noticed an ogre
  4256 | D:5      | Killed an ogre
  4257 | D:5      | Reached skill level 7 in Poison Magic
  4257 | D:5      | Reached XP level 6. HP: 28/28 MP: 8/11
  4513 | D:5      | Found a glowing drain.
  4523 | Sewer    | Entered a sewer
  4683 | Sewer    | Noticed a water moccasin
  4690 | Sewer    | Killed a water moccasin
  4691 | Sewer    | Reached skill level 8 in Poison Magic
  4691 | Sewer    | Reached XP level 7. HP: 32/32 MP: 9/12
  4706 | Sewer    | Learned a level 4 spell: Olgreb's Toxic Radiance
  5267 | D:5      | Reached * piety under Ashenzari
  5923 | D:6      | Reached skill level 5 in Transmutations
  6086 | D:6      | Found an iron altar of Okawaru.
  6167 | D:6      | Found a glowing golden altar of the Shining One.
  6581 | D:7      | Reached ** piety under Ashenzari
  6678 | D:7      | Reached skill level 1 in Fire Magic
  6678 | D:7      | Reached skill level 1 in Air Magic
  7154 | D:8      | Reached XP level 8. HP: 36/36 MP: 13/13
  7207 | D:8      | Identified the amulet of Finality {Faith *Slow +Blink rC+
                  | Dex+2}
  7854 | D:8      | Found a hazy altar of Hepliaklqana.
  7979 | D:8      | Noticed Erica
  8000 | D:8      | Reached skill level 1 in Fighting
  8000 | D:8      | Reached skill level 1 in Shields
  8005 | D:8      | Killed from afar by Erica

Illustrated notes

Levels and vault maps discovered:
D:1:      doesnt_arrival_eight_statues, layout_rooms
D:2:      layout_loops_cross, grunt_temple_overflow_open
D:3:      layout_loops_ring, gammafunk_temple_overflow_statue,
          lemuel_round_altar, overflow_temple_1_default,
          overflow_temple_1_default, lemuel_crystal_altar
D:4:      layout_cave_pools, lemuel_temple_firewalk_a, makhleb_heckhound_becter,
          uniq_edmund
D:5:      layout_basic, cheibrodos_sewer_entry_sluice, doesnt_xom_only_xom
D:6:      layout_rooms, overflow_temple_1_default, okawaru_gym_becter
D:7:      layout_basic, nicolae_overflow_crystal_walls, kennysheep_mini,
          minmay_misc_feat_five, minmay_splitting_lines,
          kennysheep_generic_room_2
D:8:      layout_basic, lemuel_crystal_altar, basic_altar,
          kennysheep_crisscross, kennysheep_windowed_goal, uniq_erica
Temple:   grunt_temple_mini_profane

Skill      XL: |  1  2  3  4  5  6  7  8 |
---------------+-------------------------+-----
Poison Magic   | 4 5 7 8 |  8.0
Transmutations | 2 6 |  6.0
Fire Magic     | 1 3 |  3.0
Air Magic      | 1 3 |  3.3
Dodging        | 3 |  3.5
Spellcasting   | 3 |  3.4
Fighting       | 1 |  1.1
Stealth        | 4 |  4.1
Shields        | 1 |  1.0

Action                   |  1- 3 |  4- 6 |  7- 9 || total
-------------------------+-------+-------+-------++-------
Melee: Unarmed           |     2 |       |       ||     2
       Whip              |    42 |    62 |    74 ||   178
 Cast: Sting             |    54 |    75 |    76 ||   205
       Mephitic Cloud    |       |       |     3 ||     3
       Olgreb's Toxic Ra |       |       |     3 ||     3
       Ignite Poison     |       |       |     3 ||     3
Invok: Curse Item        |       |     1 |     2 ||     3
Evoke: Wand              |       |       |     1 ||     1
  Use: Potion            |       |     1 |     4 ||     5
 Stab: Sleeping          |     4 |     2 |     2 ||     8
Armor: Robe              |     5 |     6 |    17 ||    28
       Skin              |       |     4 |       ||     4
Dodge: Dodged            |    69 |   100 |   112 ||   281

Table legend: (Time is in decaauts)
 A = Elapsed time spent in this place.
 B = Non-inter-level travel time spent in this place.
 C = Inter-level travel time spent in this place.
 D = Time resting spent in this place.
 E = Time spent auto-exploring this place.
 F = Levels seen in this place.
 G = Mean time per level.
                   A        B        C        D        E       F      G
               +--------+--------+--------+--------+--------+-----+--------+
         Total |   6544 |   6428 |    116 |   1471 |   3971 |  10 |  654.4 |
       Dungeon |   6119 |   6011 |    108 |   1356 |   3728 |   8 |  764.9 |
        Temple |    113 |    105 |      8 |      0 |     94 |   1 |  113.0 |
         Sewer |    311 |    311 |      0 |    115 |    148 |   1 |  311.0 |
               +--------+--------+--------+--------+--------+-----+--------+

Top non-repeatable levels by time:
     D:3: 1092 daAuts
     D:5: 1032 daAuts
     D:1: 977 daAuts
     D:8: 842 daAuts
     D:2: 795 daAuts
     D:6: 632 daAuts
     D:7: 605 daAuts
   Sewer: 311 daAuts
     D:4: 140 daAuts
  Temple: 113 daAuts
